 Dungeon Crawl Stone Soup version 0.25-a0-661-g55ea3d2053 (webtiles) character file.

Game seed: 9901976252539001121, levelgen mode: deterministic

54 kae the Insei (level 3, 0/39 HPs)
             Began as a Merfolk Transmuter on Mar 23, 2020.
             Slain by a hobgoblin
             ... wielding a +0 club
              (6 damage)
             ... on level 2 of the Dungeon.
             The game lasted 00:00:46 (660 turns).

kae the Insei (Merfolk Transmuter)                   Turns: 660, Time: 00:00:47

Health: 0/39       AC:  2    Str: 10    XL:     3   Next: 91%
Magic:  6/6        EV: 13    Int: 13    God:
Gold:   80         SH:  0    Dex: 14    Spells: 6/7 levels left

rFire    . . .     SeeInvis .   i - +2 whip (elec)
rCold    . . .     Gourm    .   (no shield)
rNeg     . . .     Faith    .   b - +0 robe
rPois    .         Spirit   .   (no helmet)
rElec    .         Reflect  .   (no cloak)
rCorr    .         Harm     .   (no gloves)
MR       .....                  (no boots)
Stlth    ..........             (no amulet)
HPRegen  0.13/turn              (no ring)
MPRegen  0.10/turn              (no ring)

@: mighty, berserking (expiring), very quick
A: change form in water, swift swim, stealthy swim
a: no special abilities


You were on level 2 of the Dungeon.
You were not hungry.

You visited 1 branch of the dungeon, and saw 2 of its levels.

You collected 80 gold pieces.

Inventory:

Hand Weapons
 i - a +2 whip of electrocution (weapon)
Missiles
 a - 37 arrows
Armour
 b - a +0 robe (worn)
Jewellery
 f - a cursed -2 ring of dexterity {unknown}
Scrolls
 e - a scroll of enchant armour {unknown}
 h - a scroll of teleportation {unknown}
 l - a scroll of identify {unknown}
Potions
 c - a potion of might
 j - a potion of magic {unknown}
 k - a potion of degeneration {unknown}
Comestibles
 d - 2 rations


   Skills:
 - Level 1.1 Fighting
 - Level 2.6 Dodging
 * Level 4.4 Unarmed Combat
 + Level 2.5 Spellcasting
 + Level 3.5 Transmutations


You had 6 spell levels left.
You knew the following spells:

 Your Spells              Type           Power        Failure   Level  Hunger
a - Beastly Appendage     Tmut           ##....       6%          1    #......

Your spell library contained the following spells:

 Spells                   Type           Power        Failure   Level  Hunger
 Sticks to Snakes         Tmut           ##......     9%          2    ###....
 Spider Form              Tmut/Pois      #.........   34%         3    ###....
 Ice Form                 Ice/Tmut       #.......     75%         4    #####..
 Blade Hands              Tmut           ##........   85%         5    ######.


Dungeon Overview and Level Annotations

Branches:
Dungeon (2/15)

Altars:
Vehumet

Annotations:
D:2 Robin


Message History

You closely miss the goblin. The goblin closely misses you.
Robin throws the goblin at you!
* * * LOW HITPOINT WARNING * * *
A hobgoblin comes into view. It is wielding a +0 club.
You whack the goblin!
You kill the goblin!
The goblin hits you.
* * * LOW HITPOINT WARNING * * *
You barely miss the goblin.
The goblin shoots a stone.
The stone hits you.
* * * LOW HITPOINT WARNING * * *
A goblin comes into view.
The goblin misses you.
The goblin shouts!
You whack the goblin!
You kill the goblin!
You feel a strong urge to attack something.
Robin roars a battlecry!
The goblins go into a battle-frenzy!
The hobgoblin hits you with a +0 club.
You die...

.## #.#.# ..# ##.#.###..
#.# #..).....# #.# #.g#
#.# #.g#
..############lg#
#.............g.#
#..############g######.#
#..# #g@......# ...#
########## ...# ####


You could see Robin, a leopard gecko, 4 hobgoblins and a goblin.

Vanquished Creatures
  3 adders (D:2)
  A dart slug (D:2)
  A leopard gecko (D:1)
  2 giant cockroaches (D:1)
  5 goblins
  2 hobgoblins (D:1)
  2 kobolds (D:1)
  2 bats (D:1)
  3 frilled lizards
  6 rats (D:1)
27 creatures vanquished.

Notes
Turn   | Place    | Note
-------+----------+-------------------------------------------
     0 | D:1      | kae the Merfolk Transmuter began the quest for the Orb.
     0 | D:1      | Reached XP level 1. HP: 15/15 MP: 3/3
   176 | D:1      | Reached XP level 2. HP: 21/21 MP: 5/5
   545 | D:1      | You fall into a shaft and drop 1 floor!
   547 | D:2      | Reached skill level 4 in Unarmed Combat
   547 | D:2      | Reached XP level 3. HP: 26/26 MP: 6/6
   609 | D:2      | Found a radiant altar of Vehumet.
   642 | D:2      | Noticed Robin
   660 | D:2      | Slain by a hobgoblin

Levels and vault maps discovered:
D:1:      mainiacjoe_arrival_reflecting_pool, layout_loops_cross,
          hangedman_decor_push
D:2:      layout_loops_ring, lemuel_doored_altar,
          chequers_ecumenical_altar_simple_redux, uniq_robin,
          uniq_crazy_yiuf_cottage, uniq_terence

Skill      XL: |  1  2 |
---------------+-------+-----
Transmutations | 3 |  3.5
Unarmed Combat | 4 |  4.4
Fighting       | |  1.1
Dodging        | |  2.6
Spellcasting   | |  2.5

Action                   || total
-------------------------++-------
Melee: Unarmed           ||    34
       Headbutt          ||     4
       Whip              ||    22
 Cast: Beastly Appendage ||    12
  Use: Potion            ||     2
 Stab: Sleeping          ||     4
Armor: Robe              ||     7
Dodge: Dodged            ||    32

Table legend:
 A = Non-vault XP
 B = Vault XP
 C = Vault XP percentage of total XP
 D = Non-vault monster count
 E = Vault monster count
 F = Vault count percentage of total count
                 A         B        C        D         E       F
            +---------+---------+-------+---------+---------+-------
      Total |      70 |       8 |  10.3 |      23 |       4 |  14.8
            +---------+---------+-------+---------+---------+-------
        D:1 |      26 |       0 |   0.0 |      18 |       0 |   0.0
        D:2 |      44 |       8 |  15.4 |       5 |       4 |  44.4
            +---------+---------+-------+---------+---------+-------
